NCAA
MARYLAND TERRAPINS @ OKLAHOMA SOONERS
05/23/2030
 
TOP OF THE 1ST
Maryland Terrapins batting - Pitching for Oklahoma Sooners : LHP Dani Martínez
Pitching: LHP Dani Martínez
Batting: SHB Philippe Paquin 0-0: Ball
1-0: Ball
2-0: Swinging Strike
2-1: Foul Ball, location: 2F
2-2: Ball
3-2: Foul Ball, location: 2F
3-2: SINGLE (Groundball, 6D)
Batting: LHB Winston Roberts 0-0: Ball
1-0: Ball
2-0: Called Strike
2-1: SINGLE (Line Drive, 56D)
Philippe Paquin to second
Batting: SHB Will Allen 0-0: Ball
1-0: Ball
2-0: Called Strike
2-1: Foul Ball, location: 2F
2-2: Strikes out swinging
Batting: RHB Jeff O'Day 0-0: Called Strike
0-1: Foul Ball, location: 2F
0-2: Ball
1-2: Foul Ball, location: 2F
1-2: Ball
2-2: Strikes out looking
Batting: RHB José Lazu 0-0: Ball
1-0: Foul Ball, location: 2F
1-1: Ground out U3 (Groundball, 34)
Top of the 1st over - 0 runs, 2 hits, 0 errors, 2 left on base; Maryland 0 - Oklahoma 0
BOTTOM OF THE 1ST
Oklahoma Sooners batting - Pitching for Maryland Terrapins : RHP Jeremiah Clark
Pitching: RHP Jeremiah Clark
Batting: RHB Matt Snow 0-0: Ball
1-0: Ball
2-0: Fly out, F9 (Flyball, 9S)
Batting: RHB Joe Daybell 0-0: Foul Ball, location: 2F
0-1: Bunt for hit - play at first, batter OUT! 1-3
Batting: LHB Joe Dunn 0-0: Ground out U3 (Groundball, 34)
Bottom of the 1st over - 0 runs, 0 hits, 0 errors, 0 left on base; Maryland 0 - Oklahoma 0
TOP OF THE 2ND
Maryland Terrapins batting - Pitching for Oklahoma Sooners : LHP Dani Martínez
Batting: LHB Charlie Johnston 0-0: Called Strike
0-1: Ball
1-1: SINGLE (Line Drive, 56D)
Batting: RHB Les McCarty 0-0: Swinging Strike
0-1: Called Strike
0-2: Ball
1-2: Ball
2-2: Strikes out swinging
Batting: LHB Juan Suárez 0-0: Called Strike
0-1: Ball
1-1: Ball
2-1: Fly out, F7 (Flyball, 7D)
Batting: RHB Ben Barnes 0-0: Foul Ball, location: 2F
0-1: Foul Ball, location: 2F
0-2: Strikes out swinging
Top of the 2nd over - 0 runs, 1 hit, 0 errors, 1 left on base; Maryland 0 - Oklahoma 0
BOTTOM OF THE 2ND
Oklahoma Sooners batting - Pitching for Maryland Terrapins : RHP Jeremiah Clark
Batting: RHB Bryant Caldwell 0-0: Called Strike
0-1: Ball
1-1: Foul Ball, location: 2F
1-2: SINGLE (Line Drive, 9LS)
Batting: LHB Mark Smith 0-0: Called Strike
0-1: Ball
1-1: Ball
2-1: Ball
3-1: Base on Balls
Bryant Caldwell to second
Batting: LHB Bryce Walton 0-0: Called Strike
0-1: Fly out, F5 (Popup, 5F)
Batting: RHB Paul Hickman 0-0: Ball
1-0: Fly out, F8 (Flyball, 78M)
Batting: RHB Irving MacIntyre 0-0: Ball
1-0: Foul Ball, location: 2F
1-1: Ground out U3 (Groundball, 34)
Bottom of the 2nd over - 0 runs, 1 hit, 0 errors, 2 left on base; Maryland 0 - Oklahoma 0
TOP OF THE 3RD
Maryland Terrapins batting - Pitching for Oklahoma Sooners : LHP Dani Martínez
Batting: SHB Philippe Paquin 0-0: Foul Ball, location: 2F
0-1: SOLO HOME RUN (Flyball, 7LD), Distance : 321 ft
Batting: LHB Winston Roberts 0-0: Fly out, F8 (Flyball, 8LD)
Batting: SHB Will Allen 0-0: Called Strike
0-1: Ball
1-1: Ball
2-1: Ball
3-1: Foul Ball, location: 2F
3-2: Foul Ball, location: 2F
3-2: Foul Ball, location: 2F
3-2: Ground out 6-3 (Groundball, 6)
Batting: RHB Jeff O'Day 0-0: Ball
1-0: SINGLE (Flyball, 89S)
Batting: RHB José Lazu 0-0: Ball
1-0: Swinging Strike
1-1: Ball
2-1: Foul Ball, location: 2F
2-2: Ball
3-2: Base on Balls
Jeff O'Day to second
Batting: LHB Charlie Johnston 0-0: Swinging Strike
0-1: Foul Ball, location: 2F
0-2: Ball
1-2: Foul Ball, location: 2F
1-2: Ball
2-2: Strikes out swinging
Top of the 3rd over - 1 run, 2 hits, 0 errors, 2 left on base; Maryland 1 - Oklahoma 0
BOTTOM OF THE 3RD
Oklahoma Sooners batting - Pitching for Maryland Terrapins : RHP Jeremiah Clark
Batting: RHB Joe Hughes 0-0: Fly out, F2 (Popup, 23F)
Batting: RHB Matt Snow 0-0: Called Strike
0-1: Ball
1-1: Called Strike
1-2: Strikes out swinging
Batting: RHB Joe Daybell 0-0: Swinging Strike
0-1: Ball
1-1: Fly out, F7 (Flyball, 7)
Bottom of the 3rd over - 0 runs, 0 hits, 0 errors, 0 left on base; Maryland 1 - Oklahoma 0
TOP OF THE 4TH
Maryland Terrapins batting - Pitching for Oklahoma Sooners : LHP Dani Martínez
Batting: RHB Les McCarty 0-0: Ball
1-0: Ball
2-0: Swinging Strike
2-1: Foul Ball, location: 2F
2-2: Fly out, F2 (Popup, 13S)
Batting: LHB Juan Suárez 0-0: Called Strike
0-1: Foul Ball, location: 2F
0-2: Ball
1-2: Strikes out swinging
Batting: RHB Ben Barnes 0-0: Swinging Strike
0-1: Ball
1-1: Foul Ball, location: 2F
1-2: Strikes out looking
Top of the 4th over - 0 runs, 0 hits, 0 errors, 0 left on base; Maryland 1 - Oklahoma 0
BOTTOM OF THE 4TH
Oklahoma Sooners batting - Pitching for Maryland Terrapins : RHP Jeremiah Clark
Batting: LHB Joe Dunn 0-0: Foul Ball, location: 2F
0-1: Ball
1-1: Ball
2-1: Ball
3-1: Foul Ball, location: 2F
3-2: Base on Balls
Batting: RHB Bryant Caldwell 0-0: Ball
1-0: Ball
2-0: Ball
3-0: Called Strike
3-1: Base on Balls
Joe Dunn to second
Batting: LHB Mark Smith 0-0: Ball
1-0: TRIPLE (Flyball, 78XD)
Joe Dunn scores
Bryant Caldwell scores
Batting: LHB Bryce Walton 0-0: Fly out, F8 (Flyball, 8RS)
Runner from 3rd tags up, SCORES, no throw
Batting: RHB Paul Hickman 0-0: Called Strike
0-1: Ball
1-1: Called Strike
1-2: Fly out, F7 (Line Drive, 7)
Batting: RHB Irving MacIntyre 0-0: Ball
1-0: Fly out, F9 (Line Drive, 9LD)
Bottom of the 4th over - 3 runs, 1 hit, 0 errors, 0 left on base; Maryland 1 - Oklahoma 3
TOP OF THE 5TH
Maryland Terrapins batting - Pitching for Oklahoma Sooners : LHP Dani Martínez
Batting: SHB Philippe Paquin 0-0: Ball
1-0: Foul Ball, location: 2F
1-1: Ball
2-1: Ball
3-1: Base on Balls
Pitching: RHP Dave Martínez
Batting: LHB Winston Roberts 0-0: Ball
1-0: Called Strike
Philippe Paquin is caught stealing 2nd base
1-1: Foul Ball, location: 2F
1-2: SINGLE (Groundball, 5D)
Batting: SHB Will Allen 0-0: Called Strike
0-1: Ball
1-1: Called Strike
Balk!
Winston Roberts to second
1-2: Foul Ball, location: 2F
1-2: Ball
2-2: Strikes out swinging
Batting: RHB Jeff O'Day 0-0: Foul Ball, location: 2F
0-1: Swinging Strike
0-2: Ball
1-2: Foul Ball, location: 2F
1-2: Strikes out swinging
Top of the 5th over - 0 runs, 1 hit, 0 errors, 1 left on base; Maryland 1 - Oklahoma 3
BOTTOM OF THE 5TH
Oklahoma Sooners batting - Pitching for Maryland Terrapins : RHP Jeremiah Clark
Batting: RHB Joe Hughes 0-0: Called Strike
0-1: Foul Ball, location: 2F
0-2: Ball
1-2: Strikes out swinging
Batting: RHB Matt Snow 0-0: Ground out 6-3 (Groundball, 6)
Batting: RHB Joe Daybell 0-0: Ball
1-0: Foul Ball, location: 2F
1-1: Ball
2-1: Foul Ball, location: 2F
2-2: SINGLE (Groundball, 6MD)
Batting: LHB Joe Dunn 0-0: Called Strike
Joe Daybell is caught stealing 2nd base
Bottom of the 5th over - 0 runs, 1 hit, 0 errors, 0 left on base; Maryland 1 - Oklahoma 3
TOP OF THE 6TH
Maryland Terrapins batting - Pitching for Oklahoma Sooners : RHP Dave Martínez
Batting: RHB José Lazu 0-0: Ball
1-0: Swinging Strike
1-1: Ball
2-1: Ball
3-1: Called Strike
3-2: Foul Ball, location: 2F
3-2: Strikes out swinging
Batting: LHB Charlie Johnston 0-0: Ball
1-0: Called Strike
1-1: Swinging Strike
1-2: Ball
2-2: SINGLE (Line Drive, 89S)
Batting: RHB Les McCarty 0-0: Called Strike
0-1: Called Strike
0-2: Ball
1-2: Strikes out swinging
Batting: LHB Juan Suárez 0-0: Ground out 4-3 (Groundball, 4)
Top of the 6th over - 0 runs, 1 hit, 0 errors, 1 left on base; Maryland 1 - Oklahoma 3
BOTTOM OF THE 6TH
Oklahoma Sooners batting - Pitching for Maryland Terrapins : RHP Jeremiah Clark
Batting: LHB Joe Dunn 0-0: Called Strike
0-1: Ball
1-1: Foul Ball, location: 2F
1-2: Foul Ball, location: 2F
1-2: Ball
2-2: Foul Ball, location: 2F
2-2: Ball
3-2: Strikes out swinging
Batting: RHB Bryant Caldwell 0-0: Hit by Pitch
Batting: LHB Mark Smith 0-0: Ball
1-0: Ball
2-0: Foul Ball, location: 2F
2-1: SINGLE (Flyball, 8RS)
Bryant Caldwell to second
Batting: LHB Bryce Walton 0-0: DOUBLE (Groundball, 3L)
Bryant Caldwell scores
Mark Smith to third
Runner from 3rd tries for Home, SAFE, throw made at trailing runner, OUT at third!
Batting: RHB Paul Hickman 0-0: Ball
1-0: Foul Ball, location: 2F
1-1: Ground out 5-3 (Groundball, 56)
Bottom of the 6th over - 2 runs, 2 hits, 0 errors, 0 left on base; Maryland 1 - Oklahoma 5
TOP OF THE 7TH
Maryland Terrapins batting - Pitching for Oklahoma Sooners : RHP Dave Martínez
Batting: RHB Ben Barnes 0-0: Ball
1-0: Called Strike
1-1: Ball
2-1: Ball
3-1: Foul Ball, location: 2F
3-2: Base on Balls
Batting: SHB Philippe Paquin 0-0: Called Strike
0-1: Grounds into double play, 4-6-3 (Groundball, 4)
Batting: LHB Winston Roberts 0-0: Fly out, F3 (Line Drive, 3L)
Top of the 7th over - 0 runs, 0 hits, 0 errors, 0 left on base; Maryland 1 - Oklahoma 5
BOTTOM OF THE 7TH
Oklahoma Sooners batting - Pitching for Maryland Terrapins : RHP Jeremiah Clark
Pitching: RHP Millard Jackson
Batting: RHB Irving MacIntyre 0-0: Fly out, F9 (Line Drive, 9)
Batting: RHB Joe Hughes 0-0: Swinging Strike
0-1: Foul Ball, location: 2F
0-2: Ball
1-2: Strikes out swinging
Batting: RHB Matt Snow 0-0: Ball
1-0: Called Strike
1-1: Ground out 5-3 (Groundball, 5)
Bottom of the 7th over - 0 runs, 0 hits, 0 errors, 0 left on base; Maryland 1 - Oklahoma 5
TOP OF THE 8TH
Maryland Terrapins batting - Pitching for Oklahoma Sooners : RHP Dave Martínez
Batting: SHB Will Allen 0-0: Ball
1-0: Ground out 6-3 (Groundball, 4M)
Batting: RHB Jeff O'Day 0-0: SOLO HOME RUN (Flyball, 7LD), Distance : 341 ft
Batting: RHB José Lazu 0-0: Called Strike
0-1: Ball
1-1: SOLO HOME RUN (Flyball, 7D), Distance : 361 ft
Pitching: RHP Jason Williamson
Batting: LHB Charlie Johnston 0-0: Fly out, F4 (Line Drive, 4)
Batting: RHB Les McCarty 0-0: Swinging Strike
0-1: Foul Ball, location: 2F
0-2: Foul Ball, location: 2F
0-2: Foul Ball, location: 2F
0-2: Ball
1-2: Foul Ball, location: 2F
1-2: Foul Ball, location: 2F
1-2: Foul Ball, location: 2F
1-2: Ball
2-2: Fly out, F9 (Flyball, 89S)
Top of the 8th over - 2 runs, 2 hits, 0 errors, 0 left on base; Maryland 3 - Oklahoma 5
BOTTOM OF THE 8TH
Oklahoma Sooners batting - Pitching for Maryland Terrapins : RHP Millard Jackson
Batting: RHB Joe Daybell 0-0: Reached on error, E6 (Groundball, 6M)
Pitching: LHP Eugene Hernández
Batting: LHB Joe Dunn 0-0: Fly out, F7 (Line Drive, 7S)
Pitching: LHP John Peters
Batting: RHB Bryant Caldwell 0-0: Called Strike
0-1: Ball
1-1: Swinging Strike
1-2: 2-RUN HOME RUN (Flyball, 9D), Distance : 355 ft
Batting: LHB Mark Smith 0-0: TRIPLE (Flyball, 78D)
Batting: LHB Bryce Walton 0-0: Intentional Walk
Batting: RHB Paul Hickman 0-0: Called Strike
0-1: Fly out, F5 (Popup, 5SF)
Batting: RHB Irving MacIntyre 0-0: Ball
1-0: Called Strike
1-1: Called Strike
1-2: Ball
2-2: Strikes out swinging
Bottom of the 8th over - 2 runs, 2 hits, 1 error, 2 left on base; Maryland 3 - Oklahoma 7
TOP OF THE 9TH
Maryland Terrapins batting - Pitching for Oklahoma Sooners : RHP Jason Williamson
Pitching: RHP Jack Reilly
Batting: LHB Juan Suárez 0-0: SINGLE (Line Drive, 4MD)
Batting: RHB Ben Barnes 0-0: Fly out, F4 (Line Drive, 4M)
Batting: SHB Philippe Paquin 0-0: Foul Ball, location: 2F
0-1: Ball
1-1: Swinging Strike
1-2: Foul Ball, location: 2F
1-2: Strikes out swinging
Batting: LHB Winston Roberts 0-0: Foul Ball, location: 2F
0-1: Ball
1-1: Ball
2-1: Ball
3-1: SINGLE (Groundball, 4MD)
Juan Suárez to second
Batting: SHB Will Allen 0-0: Foul Ball, location: 2F
0-1: Ball
1-1: Ball
Wild Pitch!
Juan Suárez to third
Winston Roberts to second
2-1: Ball
3-1: Base on Balls
Batting: RHB Jeff O'Day 0-0: Ball
1-0: Ball
2-0: Ball
3-0: Base on Balls
Juan Suárez scores
Winston Roberts to third
Will Allen to second
Batting: RHB José Lazu 0-0: Called Strike
0-1: Foul Ball, location: 2F
0-2: Ball
1-2: Ball
2-2: Strikes out swinging
Top of the 9th over - 1 run, 2 hits, 0 errors, 3 left on base; Maryland 4 - Oklahoma 7
Saturday, April 7th, 2018 - OOTP Baseball 18.8 Build 76